 Dungeon Crawl Stone Soup version 0.31-a0-233-g139696dc86 (webtiles) character file.

Game seed: 8504112988688709078

2391 Shard1697 the Basher (level 9, -4/82 HPs)
             Began as an Armataur Fighter on July 7, 2023.
             Was an Initiate of Yredelemnul.
             Slain by a sixfirhy (8 damage)
             ... on level 9 of the Dungeon.
             The game lasted 00:08:40 (8294 turns).

Shard1697 the Basher (Armataur Fighter)             Turns: 8294, Time: 00:08:41

Health: -4/82      AC:  7    Str: 23    XL:     9   Next: 22%
Magic:  12/12      EV:  8    Int:  8    God:    Yredelemnul [......]
Gold:   331        SH:  4    Dex: 13    Spells: 8/8 levels left

rFire   . . .        a - +0 flail
rCold   + . .        c - +0 buckler
rNeg    . . .        m - +0 ring mail {rC+}
rPois   +            (no helmet)
rElec   .            l - +0 cloak
rCorr   .            (no gloves)
SInv    .            (no barding)
Will    .....        (no amulet)
Stlth   +            t - ring of poison resistance
HPRegen 0.33/turn    (no ring)
MPRegen 0.13/turn

%: roll
@: no status effects
A: large, rugged brown scales 3, deformed body, armoured tail, roll, long
tongue, awkward tongue
a: Renounce Religion, Recall Undead Harvest


You were on level 9 of the Dungeon.
You worshipped Yredelemnul.
Yredelemnul was noncommittal.
You visited 1 branch of the dungeon, and saw 9 of its levels.

You collected 650 gold pieces.
You spent 319 gold pieces at shops.

Inventory:

Hand Weapons
 a - a +0 flail (weapon)
Missiles
 J - a curare-tipped dart
Armour
 c - a +0 buckler (worn)
 l - a +0 cloak (worn)
 m - a +0 ring mail of cold resistance (worn)
Jewellery
 t - a ring of poison resistance (left hand)
 w - a ring of wizardry
 C - an amulet of faith
Wands
 f - a wand of mindburst (18)
 r - a wand of charming (12)
 B - a wand of flame (15)
Scrolls
 b - a scroll of acquirement {unknown}
 d - 2 scrolls of revelation {unknown}
 e - a scroll of butterflies
 n - 4 scrolls of poison {unknown}
 o - 2 scrolls of enchant weapon {unknown}
 s - a scroll of noise {unknown}
 u - 4 scrolls of teleportation {unknown}
 y - a scroll of amnesia {unknown}
 A - 2 scrolls of vulnerability {unknown}
 K - a scroll of silence {unknown}
Potions
 g - 3 potions of mutation
 i - 2 potions of haste
 j - 3 potions of berserk rage
 k - 4 potions of curing
 p - 2 potions of ambrosia
 q - a potion of lignification
 v - a potion of attraction
 x - a potion of heal wounds
 z - 2 potions of brilliance
 E - 2 potions of cancellation
 F - 2 potions of invisibility {unknown}


   Skills:
 + Level 6.3 Fighting
 + Level 9.1 Maces & Flails
 - Level 3.6 Armour
 - Level 3.2 Shields
 + Level 4.4 Invocations


You had 8 spell levels left.
You didn't know any spells.
Your spell library contained the following spells:

 Spells                   Type           Power      Damage    Failure   Level
 Kiss of Death            Conj/Necr      0%         2d5       63%         1
 Sandblast                Erth           0%         2d4       63%         1
 Shock                    Conj/Air       0%         1d3       63%         1
 Slow                     Hex            0%         N/A       63%         1
 Summon Small Mammal      Summ           0%         N/A       63%         1
 Passwall                 Tmut/Erth      0%         N/A       77%         2
 Call Canine Familiar     Summ           0%         N/A       94%         3
 Confusing Touch          Hex            0%         N/A       94%         3
 Ignite Poison            Fire/Tmut/Pois 0%         N/A       94%         3
 Ozocubu's Armour         Ice            0%         N/A       94%         3
 Stone Arrow              Conj/Erth      0%         3d7       94%         3
 Summon Guardian Golem    Hex/Summ       0%         N/A       94%         3
 Swiftness                Air            0%         N/A       94%         3
 Vampiric Draining        Necr           0%         2d6       94%         3
 Airstrike                Air            0%         2d(0-16)  100%        4
 Dispel Undead            Necr           0%         3d6       100%        4
 Sticky Flame             Conj/Fire      0%         2d3       100%        4
 Ozocubu's Refrigeration  Ice            0%         4d7       100%        7
 Ignition                 Fire           0%         3d3       100%        8


Dungeon Overview and Level Annotations

Branches:
Dungeon (9/15)             Temple (0/1) D:7
   Lair: D:8-11         Orc: D:9-12

Altars:
Ashenzari
Kikubaaqudgha
Sif Muna
Uskayaw
Yredelemnul

Shops:
D:5 *!


Innate Abilities, Weirdness & Mutations

You are completely covered in rugged brown scales. (AC +3, +7% HP)
Armour fits poorly on your strangely shaped body.
You have a long armoured tail.
You roll when moving toward enemies. (Rampage)
Your long tongue fully drains potion bottles. (2x potion effects)
Your tongue gives you trouble enunciating. (1.5x scroll delay)


Message History

There are no items here.
A sixfirhy comes into view.
The sixfirhy hits you but does no damage.
Found a scroll of identify.
A sun demon comes into view.
The crimson imp shouts!
The sun demon shouts!
You bludgeon the sixfirhy!! You tail-slap the sixfirhy.
The sixfirhy is severely wounded.
You hear a chilling moan.
You closely miss the sixfirhy.
The sixfirhy is severely wounded.
A quasit comes into view.
You completely miss the sixfirhy.
The sixfirhy is severely wounded.
The sixfirhy hits you! The sixfirhy shocks you! The sixfirhy hits you!
The sixfirhy shocks you! The sixfirhy attacks as you move away!
The sixfirhy hits you! The sixfirhy shocks you!
* * * LOW HITPOINT WARNING * * *
The sixfirhy barely misses you. The sixfirhy hits you.
* * * LOW HITPOINT WARNING * * *
The sixfirhy shocks you!
* * * LOW HITPOINT WARNING * * *
The sixfirhy hits you but does no damage.
As you slowly read the scroll of fear, it crumbles to dust.
You assume a fearsome visage.
The chaos spawn easily resists.
The sixfirhy looks frightened!
The sun demon looks frightened!
The quasit looks frightened!
The crimson imp blinks!
There are monsters nearby!
The crimson imp sputters.
A sixfirhy comes into view.
You roll towards the sixfirhy!
You closely miss the sixfirhy.
You block the sixfirhy's attack. x2; The sixfirhy hits you!
* * * LOW HITPOINT WARNING * * *
The sixfirhy shocks you!
* * * LOW HITPOINT WARNING * * *
You block the sixfirhy's attack. The sixfirhy hits you!
You die...
Your body rises from the dead as a mindless zombie.

##..####.#
#..####.###
#.....4...#
##.######.# #4#
#.# #.# ####.##
#5###.....#
##.##...#..#
##.@........#
...###..3........#
.................#
...#####.........#
#.#.....#.#
#.##...##.# ###
##'###.###.##..
##...#### #.##.#
##.....## #.##.#


You could see a sixfirhy, a chaos spawn and a crimson imp.

Vanquished Creatures
  A steam dragon (D:8)
  The ghost of Brisketman the Gusty, an amateur TeEE (D:4)
  A sky beast (D:7)
  A black bear (D:8)
  An ice beast (D:5)
  3 centaurs (D:8)
  2 phantoms
  Blork the orc (D:6)
  2 kobold brigands
  A bullfrog (D:8)
  2 scorpions
  2 howler monkeys (D:7)
  3 vampire bats (D:5)
  A hound (D:6)
  A gnoll bouda (D:7)
  3 orc priests
  4 iguanas
  3 orc wizards
  4 gnolls (D:7)
  8 adders
  A white imp (D:6)
  An ufetubus (D:5)
  A worm (D:5)
  11 dart slugs
  18 orcs
  15 ball pythons
  A bat skeleton (D:5)
  3 bat zombies (D:5)
  11 endoplasms
  4 giant cockroaches
  9 hobgoblins
  2 jackals (D:1)
  5 quokkas
  7 bats
  3 frilled lizards
  10 goblins
  14 kobolds
  4 rats
165 creatures vanquished.

Vanquished Creatures (collateral kills)
  An ice beast (D:6)
  An ogre (D:5)
  A scorpion (D:6)
  A howler monkey (D:7)
  An orc wizard (D:7)
  A worm (D:5)
  A bat skeleton (D:5)
  A kobold (D:8)
8 creatures vanquished.

Vanquished Creatures (others)
  An adder zombie (D:5)
  2 gnoll zombies (D:7)
  4 kobold zombies
7 creatures vanquished.

Grand Total: 180 creatures vanquished

Notes
Turn   | Place    | Note
-------+----------+-------------------------------------------
     0 | D:1      | Shard1697 the Armataur Fighter began the quest for the Orb.
     0 | D:1      | Reached XP level 1. HP: 19/19 MP: 1/1
    43 | D:1      | Reached skill level 2 in Maces & Flails
    92 | D:1      | Reached XP level 2. HP: 26/26 MP: 2/2
   477 | D:1      | Reached skill level 3 in Maces & Flails
   668 | D:1      | Reached XP level 3. HP: 27/32 MP: 3/3
  1888 | D:3      | Reached XP level 4. HP: 35/39 MP: 4/4
  1890 | D:3      | Reached skill level 4 in Maces & Flails
  2142 | D:3      | You fall into a shaft and drop 1 floor!
  2151 | D:4      | Noticed a phantom
  2169 | D:4      | Killed a phantom
  2170 | D:4      | Reached skill level 5 in Maces & Flails
  2170 | D:4      | Reached XP level 5. HP: 30/44 MP: 5/5
  2555 | D:4      | Reached XP level 6. HP: 25/53 MP: 6/6
  2762 | D:4      | Found a transporter.
  2762 | D:4      | Noticed Brisketman's ghost (amateur TeEE)
  2796 | D:4      | Reached skill level 6 in Maces & Flails
  2895 | D:4      | Found a transporter.
  3035 | D:4      | Killed Brisketman's ghost
  3036 | D:4      | Reached skill level 7 in Maces & Flails
  3036 | D:4      | Reached XP level 7. HP: 50/59 MP: 7/7
  3548 | D:3      | Found a basalt altar of Yredelemnul.
  3559 | D:3      | Became a worshipper of Yredelemnul the Dark
  3944 | D:5      | Entered Level 5 of the Dungeon
  3945 | D:5      | Found Gapsitz's Overcharged Wands.
  4087 | D:5      | Found Kimp's Distillery.
  4312 | D:5      | Found a shimmering blue altar of Sif Muna.
  4465 | D:5      | Bought a potion of heal wounds for 55 gold pieces
  4465 | D:5      | Bought a potion of mutation for 88 gold pieces
  4465 | D:5      | Bought 2 potions of cancellation for 176 gold pieces
  4643 | D:5      | Found an ancient bone altar of Kikubaaqudgha.
  4770 | D:6      | Noticed Blork the orc
  4776 | D:6      | Killed Blork the orc
  4777 | D:6      | Reached skill level 8 in Maces & Flails
  4777 | D:6      | Reached XP level 8. HP: 61/71 MP: 8/8
  4901 | D:6      | Identified the +4 falchion of Fate {distort, Str+3 SInv}
  5065 | D:6      | Reached * piety under Yredelemnul
  5090 | D:6      | Found a broken altar of Ashenzari.
  5229 | D:6      | Reached skill level 1 in Invocations
  5475 | D:6      | Reached ** piety under Yredelemnul
  5637 | D:6      | Found a hide-covered altar of Uskayaw.
  5767 | D:6      | Reached skill level 5 in Fighting
  6509 | D:7      | Found a staircase to the Ecumenical Temple.
  7101 | D:8      | Reached XP level 9. HP: 42/80 MP: 11/11
  7581 | D:8      | Reached skill level 9 in Maces & Flails
  8240 | D:9      | Noticed a sixfirhy
  8241 | D:9      | Noticed a sun demon
  8291 | D:9      | Noticed a sixfirhy
  8294 | D:9      | HP: 4/82 [sixfirhy (12)]
  8294 | D:9      | Slain by a sixfirhy

Illustrated notes

Levels and vault maps discovered:
D:1:      dreamdust_arrival_sigmund_warning, layout_loops_corners,
          minmay_misc_feat_plants, minmay_close_crescents
D:2:      layout_basic
D:3:      kennysheep_slugbush, layout_basic, mainiacjoe_overflow_tiny_flanked,
          minmay_statues_item
D:4:      layout_loops_corners, gammafunk_ghost_arena
D:5:      layout_basic, kennysheep_vampire_church, amcnicky_altar_gilded,
          nicolae_wooded_promenade, minmay_tree_intersection, dk_noncrumbling_3,
          nicolae_shop_overcharged_wands
D:6:      layout_loops_corners, nicolae_uskayaw_murder_on_the_dancefloor,
          nicolae_ashenzari_panopticon, hangedman_glass_teeth,
          uniq_blork_the_orc
D:7:      layout_loops_corners, minmay_temple_entry_crystal_x,
          hangedman_decor_growths
D:8:      layout_basic
D:9:      layout_loops_corners, nicolae_demonic_statue_gallery

Skill      XL: |  1  2  3  4  5  6  7  8  9 |
---------------+----------------------------+-----
Maces & Flails | 2 3 5 7 8 9 |  9.1
Fighting       | 4 5 6 |  6.3
Invocations    | 3 4 |  4.4
Armour         | |  3.6
Shields        | |  3.2

Action                     |  1- 3 |  4- 6 |  7- 9 || total
---------------------------+-------+-------+-------++-------
  Melee: Flail             |   108 |   148 |   292 ||   548
         Tailslap          |     8 |    13 |    36 ||    57
    Use: Potion            |       |     1 |     1 ||     2
         Scroll            |       |       |    14 ||    14
   Stab: Distracted        |       |       |     1 ||     1
 Armour: Scale mail        |    56 |    77 |   128 ||   261
         Ring mail         |       |       |    51 ||    51
  Dodge: Dodged            |    41 |    34 |   103 ||   178
  Block: Buckler           |    20 |    27 |    62 ||   109

Table legend: (Time is in decaauts)
 A = Elapsed time spent in this place.
 B = Non-inter-level travel time spent in this place.
 C = Inter-level travel time spent in this place.
 D = Time resting spent in this place.
 E = Time spent auto-exploring this place.
 F = Levels seen in this place.
 G = Mean time per level.
                   A        B        C        D        E       F      G
               +--------+--------+--------+--------+--------+-----+--------+
         Total |   8363 |   8111 |    252 |    615 |   6177 |   9 |  929.2 |
       Dungeon |   8363 |   8111 |    252 |    615 |   6177 |   9 |  929.2 |
               +--------+--------+--------+--------+--------+-----+--------+

Top non-repeatable levels by time:
     D:4: 1358 daAuts
     D:7: 1183 daAuts
     D:8: 1095 daAuts
     D:6: 1079 daAuts
     D:2: 987 daAuts
     D:1: 906 daAuts
     D:5: 829 daAuts
     D:3: 750 daAuts
     D:9: 171 daAuts
